Map: Hard Lead LE

Players

ricochet

  • Race: Terran Terran
  • League: Platinum
  • Spawn Location: 11:00

SubN - Winner!

  • Race: Zerg Zerg
  • League: Diamond
  • Spawn Location: 5:00

VOD

Have the link to the VOD?

Description

Time

  • Played on: Dec. 25, 2023, 2:04 a.m.
  • Length: 29:26
Show
View Real Time Build Order
Export as new Build Order

ricochet Terran 

Build Orders: Reaper Expand 

Get SALT Encoding   

  12  0:10  SCV  
  13  0:22  SCV  
  13  0:26  Supply Depot  
  14  0:34  SCV  
  15  0:47  Refinery  
  15  0:50  Barracks  
  15  0:56  SCV  
  16  1:15  SCV  
  17  1:27  SCV  
  18  1:37  Supply Depot  
  18  1:38  Reaper  
  20  1:42  Orbital Command  
  19  2:21  SCV  
  20  2:28  Command Center  
  20  2:34  SCV  
  21  2:38  Refinery  
  20  2:44  Barracks  
  20  2:45  Barracks Reactor  
  20  2:46  Barracks, SCV  
  21  2:55  Supply Depot  
  21  2:58  SCV  
  22  3:10  SCV  
  23  3:21  Marine x2  
  23  3:22  SCV  
  26  3:34  Barracks Tech Lab, Barracks Reactor, SCV  
  26  3:36  Factory  
  26  3:39  Marine x2  
  29  3:42  Orbital Command  
  29  3:47  Engineering Bay  
  29  3:49  Engineering Bay, SCV  
  30  3:56  Stimpack  
  30  4:02  Marine x2  
  33  4:06  Marine  
  33  4:14  Marine x2  
  35  4:17  Orbital Command  
  35  4:20  Marine x2, Terran Infantry Weapons Level 1  
  35  4:24  Terran Infantry Armor Level 1  
  37  4:32  Starport  
  37  4:35  Factory Tech Lab  
  37  4:43  SCV  
  37  4:44  SCV  
  39  4:50  Armory  
  39  4:56  SCV x2  
  39  4:59  Supply Depot  
  41  5:03  Supply Depot  
  41  5:08  SCV x2  
  41  5:09  Siege Tank  
  46  5:16  Refinery  
  46  5:20  Refinery, SCV x2  
  48  5:31  Medivac  
  48  5:32  SCV x2  
  52  5:44  SCV x2  
  52  5:45  Supply Depot x2  
  52  5:46  Terran Vehicle Weapons Level 1  
  52  5:48  Marine x3  
  52  5:49  Marine  
  58  5:50  Marine  
  58  5:53  Combat Shield  
  58  5:56  SCV x2  
  61  6:05  Medivac  
  61  6:08  SCV x2  
  65  6:11  Marine x2  
  65  6:12  Marine x3  
  70  6:20  SCV x2  
  70  6:21  Supply Depot  
  70  6:24  Supply Depot  
  70  6:25  Supply Depot x2  
  73  6:32  SCV  
  73  6:33  SCV  
  69  7:02  Marine x5  
  69  7:03  Siege Tank  
  69  7:04  Medivac  
  69  7:07  Terran Infantry Weapons Level 2  
  79  7:09  Command Center  
  79  7:12  Terran Infantry Armor Level 2  
  79  7:17  Supply Depot  
  79  7:18  Supply Depot  
  79  7:20  Marine x3  
  82  7:26  Marine x2  
  84  7:34  Factory  
  84  7:35  Siege Tank  
  84  7:37  Barracks, Marine  
  87  7:40  Barracks  
  88  7:46  Terran Vehicle Weapons Level 2  
  88  7:48  SCV  
  88  7:50  SCV  
  90  8:07  Supply Depot x2, Marine x5  
  90  8:08  Siege Tank  
  90  8:10  Starport Reactor  
  98  8:24  Marine  
  61  8:52  Factory Reactor, Barracks Reactor  
  61  8:53  Barracks Reactor  
  61  8:54  Command Center  
  59  8:55  Marine  
  59  8:56  Command Center, Marine x4  
  59  8:58  Siege Tank  
  64  9:13  Marine x2  
  64  9:14  Marine x3  
  69  9:18  SCV  
  69  9:19  SCV  
  71  9:30  Siege Tank  
  71  9:31  Marine x3, SCV x2  
  76  9:32  Marine x2  
  71  9:49  Marine x2  
  70  9:58  Marine x2  
  70  9:59  Marine x5  
  77  10:02  Siege Tank, Widow Mine x2  
  77  10:04  Drilling Claws  
  84  10:07  Medivac x2  
  84  10:11  Orbital Command  
  88  10:24  Widow Mine x2  
  88  10:26  Sensor Tower  
  92  10:30  Missile Turret  
  92  10:32  Refinery  
  92  10:34  Refinery, Siege Tank  
  95  10:45  Widow Mine x2  
  94  11:02  Marine x9  
  103  11:08  Orbital Command  
  80  11:19  Marine  
  80  11:20  Marine x8  
  73  11:37  Marine  
  72  11:46  Supply Depot x2  
  72  11:48  Supply Depot  
  72  11:49  Supply Depot  
  72  11:50  SCV  
  72  11:51  SCV  
  72  11:52  SCV  
  75  11:58  Terran Infantry Armor Level 3, Terran Infantry Weapons Level 3  
  75  12:03  Terran Vehicle Weapons Level 3, SCV x2  
  75  12:04  SCV  
  75  12:07  SCV  
  79  12:15  Missile Turret, SCV x2  
  81  12:16  SCV  
  81  12:19  SCV  
  83  12:27  SCV x2  
  83  12:28  SCV  
  86  12:31  Marine x9, SCV  
  96  12:39  SCV x2  
  96  12:40  SCV  
  96  12:43  SCV  
  100  12:47  Siege Tank  
  100  12:48  Marine, Widow Mine  
  100  12:49  Marine x8, Widow Mine  
  116  13:06  Marine  
  116  13:07  Marine x5  
  122  13:14  Sensor Tower  
  122  13:19  Siege Tank  
  125  13:21  Widow Mine x2  
  129  13:36  Supply Depot  
  129  13:37  Command Center  
  129  13:38  Supply Depot  
  129  13:40  Supply Depot  
  129  13:42  Widow Mine x2  
  129  13:46  Command Center  
  133  13:51  Siege Tank  
  131  14:02  Supply Depot  
  100  14:19  SCV x4  
  104  14:29  Engineering Bay  
  104  14:31  SCV x2  
  104  14:32  SCV x2  
  108  14:39  Engineering Bay  
  108  14:43  SCV x2  
  108  14:44  SCV x2  
  112  14:51  Terran Ship Weapons Level 1  
  112  14:52  Neosteel Armor, Hi-Sec Auto Tracking  
  112  14:53  Command Center  
  112  14:55  SCV x2  
  112  14:56  SCV x2  
  116  15:01  Widow Mine x3  
  122  15:08  SCV  
  122  15:11  Marauder, Marine x4  
  122  15:12  Marine x4  
  129  15:22  Widow Mine x3  
  128  15:29  Marine  
  121  15:36  Medivac x2  
  121  15:37  Marauder, Marine  
  121  15:38  Marine  
  121  15:39  Marine  
  130  15:58  Command Center  
  130  16:04  Orbital Command  
  130  16:06  Medivac x2  
  130  16:07  SCV x2  
  136  16:12  SCV x2  
  138  16:18  Planetary Fortress  
  138  16:19  SCV  
  139  16:36  Medivac x2  
  139  16:38  SCV x5  
  148  16:42  Refinery x2  
  148  16:50  SCV x5  
  153  16:59  Siege Tank  
  153  17:00  Widow Mine x2  
  160  17:04  Orbital Command  
  160  17:11  Planetary Fortress  
  150  17:17  Command Center  
  150  17:20  Marauder, Marine x6  
  150  17:21  Marine x2, Widow Mine x2  
  154  17:23  Liberator x2  
  154  17:24  Terran Ship Weapons Level 2  
  160  17:31  Siege Tank  
  160  17:36  Starport  
  163  17:37  Marine, Starport  
  163  17:42  Widow Mine  
  163  17:43  Widow Mine  
  168  18:04  Widow Mine x3  
  174  18:19  Liberator x2  
  176  18:25  Widow Mine x3  
  182  18:46  Siege Tank  
  182  18:47  Widow Mine x2  
  187  19:01  Liberator x2  
  146  19:18  Siege Tank  
  146  19:22  Marine  
  146  19:23  Marauder, Marine x7  
  124  19:40  Marine, Terran Vehicle And Ship Armor Level 1  
  124  19:41  Marine x7  
  124  19:44  Command Center, Marine  
  131  19:48  Command Center  
  131  19:50  Barracks  
  131  19:51  Barracks  
  131  19:55  Barracks  
  131  19:58  Marine x7  
  131  19:59  Marine  
  139  20:01  Marine  
  139  20:04  Starport Reactor x2  
  140  20:16  Orbital Command, Marine x3  
  143  20:22  Refinery  
  143  20:23  Refinery  
  143  20:57  Missile Turret, Viking  
  143  20:58  Viking x5  
  143  21:01  Missile Turret, Siege Tank, Widow Mine x2  
  162  21:04  Barracks Tech Lab x2  
  162  21:05  Barracks Tech Lab  
  162  21:09  Ghost Academy  
  162  21:23  Widow Mine x2  
  132  21:33  Siege Tank  
  133  21:50  Marauder, Marine x8  
  133  21:52  Marauder x3  
  149  22:08  Marine x6  
  151  22:09  Thor, Marine  
  151  22:10  Widow Mine  
  151  22:11  Ghost, Widow Mine  
  151  22:13  Ghost x3, Liberator x2  
  151  22:14  Liberator x4  
  192  22:16  Terran Ship Weapons Level 3  
  192  22:32  Widow Mine x2  
  196  22:39  Ghost  
  196  22:41  Ghost x2  
  142  22:52  Thor  
  142  22:53  Widow Mine x2  
  142  22:57  Ghost  
  143  22:59  Marine x7  
  143  23:00  Marine  
  135  23:08  Ghost  
  135  23:10  Ghost x2, Medivac  
  135  23:11  Liberator, Medivac  
  135  23:12  Liberator  
  140  23:14  Liberator  
  140  23:15  Widow Mine x2  
  140  23:17  Marine  
  148  23:25  Personal Cloaking  
  148  23:26  Ghost  
  150  23:36  Ghost  
  152  23:55  Thor  
  152  23:57  Widow Mine x2  
  110  24:44  Ghost x2  
  110  24:45  Ghost  
  116  24:52  Terran Vehicle And Ship Armor Level 2  
  116  24:57  Planetary Fortress x2  
  116  25:00  SCV  
  116  25:01  SCV  
  116  25:02  SCV  
  119  25:13  Refinery  
  119  25:14  Refinery  
  119  25:24  Widow Mine x3  
  119  25:27  Ghost x2  
  129  25:28  Ghost  
  131  25:36  SCV x4  
  135  25:45  Widow Mine  
  135  25:46  Widow Mine x2  
  135  25:48  SCV x3  
  143  26:07  Siege Tank, Widow Mine x2  
  123  26:28  Widow Mine x2  
  125  26:39  Siege Tank  
  114  26:50  Widow Mine x2  
  72  27:11  Siege Tank  
  63  27:48  Siege Tank  
  63  27:49  Widow Mine x2  
  63  27:50  Marine x2  
  63  27:51  Marine x7  
  79  28:09  Bunker  
  79  28:10  Bunker, Widow Mine  
  79  28:11  Widow Mine  
  79  28:15  Orbital Command  
  79  28:21  Siege Tank  
  80  28:44  Refinery  
  80  28:45  Refinery  
Show
View Real Time Build Order
Export as new Build Order

SubN Zerg - Winner!

Build Orders: Hatch First 

Get SALT Encoding   

  12  0:00  Drone  
  13  0:15  Overlord  
  13  0:27  Drone  
  14  0:36  Drone x2  
  16  0:52  Drone, Hatchery  
  16  0:57  Drone  
  17  1:00  Drone  
  18  1:04  Extractor  
  17  1:16  Spawning Pool  
  16  1:19  Drone  
  16  1:21  Drone  
  18  1:32  Drone  
  19  1:42  Drone  
  20  1:54  Overlord  
  20  2:04  Queen x2  
  20  2:07  Zergling x4  
  26  2:19  Metabolic Boost  
  26  2:24  Drone x2  
  30  2:30  Drone x2  
  30  2:40  Drone x2  
  30  2:43  Queen  
  34  2:47  Drone x2  
  36  3:00  Overlord  
  36  3:03  Hatchery  
  35  3:35  Drone x8  
  43  3:44  Drone  
  43  3:47  Pneumatized Carapace  
  44  4:04  Overlord x3  
  44  4:05  Overlord  
  44  4:12  Overlord  
  44  4:22  Drone x4, Queen x2  
  44  4:23  Drone x4  
  56  4:38  Drone x4  
  58  4:51  Drone x9  
  67  4:54  Baneling Nest  
  67  4:56  Extractor x2  
  67  4:58  Extractor  
  67  4:59  Extractor  
  62  5:00  Drone x2, Extractor  
  62  5:06  Drone  
  64  5:08  Queen  
  64  5:10  Queen  
  64  5:12  Overlord  
  64  5:13  Overlord  
  68  5:17  Zergling x2  
  69  5:21  Drone  
  69  5:23  Lair  
  69  5:26  Drone x2  
  69  5:27  Drone x2  
  74  5:34  Drone x2  
  76  5:53  Queen  
  76  5:55  Drone x3  
  76  5:56  Drone  
  82  6:01  Drone  
  83  6:05  Drone  
  83  6:07  Drone  
  83  6:08  Drone x2  
  87  6:14  Evolution Chamber x2  
  85  6:20  Zergling x2  
  85  6:21  Zergling x20  
  85  6:24  Centrifugal Hooks  
  96  6:30  Hydralisk Den  
  96  6:32  Infestation Pit  
  76  7:01  Drone x4  
  76  7:04  Drone x4  
  76  7:05  Drone x2  
  76  7:06  Drone  
  84  7:16  Drone  
  84  7:19  Hydralisk, Zergling x2  
  84  7:20  Hydralisk x5  
  84  7:22  Spore Crawler  
  97  7:26  Zerg Melee Weapons Level 1  
  97  7:28  Zerg Missile Weapons Level 1  
  97  7:29  Muscular Augments  
  97  7:34  Zergling x2  
  98  7:38  Overlord x4  
  98  7:39  Overlord  
  98  7:47  Overlord  
  98  7:57  Spore Crawler  
  97  8:01  Zergling x2  
  97  8:02  Zergling x16, Spore Crawler  
  105  8:20  Zergling x20  
  105  8:23  Baneling x5  
  105  8:24  Baneling x15  
  115  8:30  Zergling x2, Hatchery  
  115  8:33  Grooved Spines  
  115  8:38  Spore Crawler  
  99  8:52  Zergling x20  
  109  9:06  Hydralisk x2  
  109  9:07  Hydralisk x4  
  117  9:10  Overseer  
  117  9:15  Extractor  
  117  9:16  Hatchery  
  115  9:20  Extractor  
  115  9:23  Zergling x8  
  118  9:31  Spore Crawler  
  105  9:53  Hydralisk x6  
  105  9:54  Hydralisk  
  105  9:55  Zergling x2  
  105  9:56  Zergling x20  
  105  9:58  Baneling  
  105  9:59  Baneling x7  
  126  10:02  Queen  
  126  10:06  Drone x5  
  133  10:08  Zerg Melee Weapons Level 2, Zerg Missile Weapons Level 2  
  133  10:16  Overlord x2  
  133  10:17  Overlord  
  133  10:19  Baneling  
  133  10:20  Baneling x11  
  133  10:34  Zergling x2  
  133  10:35  Zergling x22  
  145  10:42  Zergling x2  
  145  10:43  Zergling x8  
  125  11:04  Zergling x10  
  125  11:05  Zergling x18  
  101  11:29  Zergling x18  
  101  11:30  Zergling x12  
  99  11:41  Queen  
  99  11:44  Drone x9  
  109  12:06  Hydralisk  
  109  12:07  Hydralisk x9  
  129  12:22  Overseer  
  129  12:23  Overseer  
  129  12:24  Baneling  
  129  12:25  Baneling x17  
  129  12:26  Baneling x6  
  129  12:35  Drone x5  
  134  12:37  Overlord x3  
  134  12:42  Zergling x2  
  134  12:43  Zergling x20  
  136  12:53  Zergling x2  
  136  12:54  Zergling x14  
  136  12:55  Overlord  
  144  13:00  Zerg Ground Armor Level 1, Hive  
  144  13:16  Zergling x26  
  157  13:34  Extractor  
  157  13:36  Hatchery  
  157  13:37  Extractor  
  102  14:11  Zergling x2  
  102  14:12  Zergling x44  
  110  14:25  Zergling x14  
  110  14:26  Zergling x8  
  110  14:28  Neural Parasite  
  121  14:33  Baneling x3  
  121  14:34  Baneling x19  
  121  14:50  Hydralisk x12  
  121  14:51  Hydralisk  
  147  14:58  Overlord  
  121  16:02  Hydralisk x6  
  121  16:04  Infestor x5  
  133  16:05  Infestor  
  133  16:10  Zergling x2, Hatchery  
  133  16:11  Zergling x46  
  156  16:14  Queen  
  156  16:17  Zerg Melee Weapons Level 3, Zerg Missile Weapons Level 3  
  156  16:18  Adrenal Glands  
  170  16:28  Drone x3  
  170  16:29  Drone x3  
  176  16:35  Drone x6  
  176  16:36  Overlord x4  
  182  16:42  Baneling  
  182  16:43  Baneling x16  
  182  16:47  Overseer x2  
  182  16:48  Overseer  
  182  16:49  Overseer  
  182  16:50  Overseer  
  182  16:51  Overseer  
  182  16:52  Overlord x12  
  182  17:19  Hatchery  
  181  17:40  Zergling x2  
  172  18:34  Queen  
  174  18:53  Zerg Ground Armor Level 2  
  121  19:41  Zergling x2  
  121  19:42  Zergling x34  
  121  19:43  Zergling x14  
  140  20:20  Hydralisk x3  
  140  20:21  Hydralisk x16  
  176  20:40  Drone x14  
  190  20:47  Hatchery, Extractor  
  190  20:48  Spine Crawler  
  190  20:49  Spine Crawler, Extractor  
  185  20:52  Spore Crawler x2  
  185  20:54  Spore Crawler  
  132  21:25  Hatchery  
  109  21:38  Infestor x5  
  109  21:39  Infestor  
  111  21:40  Hydralisk  
  111  21:41  Hydralisk x19  
  111  21:42  Hydralisk x4  
  111  21:46  Zergling x6  
  111  21:47  Zergling x20  
  172  22:02  Queen  
  172  22:03  Zergling x2  
  172  22:04  Zergling x18  
  184  22:10  Zerg Ground Armor Level 3  
  184  22:15  Baneling  
  184  22:16  Baneling x21  
  184  22:17  Overlord x2, Baneling x4  
  184  22:20  Overseer x3  
  184  22:21  Zergling x2  
  184  22:22  Zergling x22  
  170  22:57  Hydralisk  
  170  22:58  Hydralisk x4  
  167  23:03  Zergling x14  
  167  23:04  Zergling x28  
  193  23:10  Queen  
  191  23:27  Zergling x16  
  192  23:31  Baneling  
  192  23:32  Baneling x22  
  192  23:33  Baneling x8  
  199  23:40  Overseer x5  
  199  23:42  Overlord x2  
  199  23:43  Overlord  
  125  24:35  Zergling x2  
  125  24:36  Zergling x44  
  125  24:37  Zergling x16  
  136  24:46  Hydralisk x2, Ultralisk Cavern  
  136  24:47  Hydralisk x2  
  136  24:51  Queen  
  141  25:09  Queen  
  143  25:16  Hydralisk  
  143  25:17  Hydralisk x20  
  185  25:23  Baneling x14  
  185  25:24  Baneling x17  
  185  25:25  Zergling x6  
  188  25:31  Extractor  
  188  25:34  Anabolic Synthesis  
  187  25:36  Ultralisk  
  187  25:37  Ultralisk  
  199  25:53  Overseer  
  199  25:54  Overseer x3  
  169  26:15  Hydralisk x2  
  169  26:16  Hydralisk x2  
  169  26:17  Chitinous Plating  
  169  26:18  Zergling x10  
  169  26:19  Zergling x36  
  134  27:10  Zergling x2  
  134  27:11  Zergling x30  
  134  27:12  Ultralisk  
  134  27:13  Ultralisk x3  
  160  27:18  Overseer x4  
  160  27:19  Overseer x5  
  144  27:33  Extractor x2  
  144  27:35  Infestor  
  144  27:36  Infestor x4  
  152  27:41  Hydralisk x14  
  180  27:44  Baneling  
  180  27:45  Baneling x17  
  180  27:46  Baneling x6  
  180  27:47  Zergling x18  
  189  28:14  Zergling x2  
  189  28:15  Zergling x20  
  199  29:00  Overseer x9  
Tags
 
Add a new tag
Caveats
  • Supply blocks, unpowered buildings, or Contaminate may cause inaccurate times.
  • Supply counts are checked every 10 seconds.